 Dungeon Crawl Stone Soup version 0.21.1-1-g345015f (webtiles) character file.

3677 Mirai the Cleaver (level 10, 0/84 HPs)
             Began as a Hill Orc Fighter on Mar 5, 2018.
             Was a Priest of Okawaru.
             Succumbed to a worker ant's poison
             ... on level 8 of the Dungeon.
             The game lasted 00:19:52 (7134 turns).

Mirai the Cleaver (Hill Orc Fighter)                Turns: 7134, Time: 00:19:53

Health: 0/84       AC: 19    Str: 27    XL:     10   Next: 13%
Magic:  22/23      EV: 20    Int:  8    God:    Okawaru [***...]
Gold:   369        SH:  0    Dex: 19    Spells: 9/9 levels left

rFire    . . .     SeeInvis .   G - +9 glaive of the Lamprey {protect, +Rage}
rCold    + . .     Gourm    .   (shield currently unavailable)
rNeg     . . .     Faith    .   x - +2 leather armour "Muimipso" {rC+ MP+9 Dex+3}
rPois    .         Spirit   .   s - +1 helmet
rElec    .         Reflect  .   v - scarf {cloud immunity}
rCorr    .         Harm     .   (no gloves)
MR       .....                  B - +0 pair of boots
Stlth    +++.......             (no amulet)
HPRegen  0.24/turn              p - +3 ring of dexterity
MPRegen  0.18/turn              (no ring)

@: mighty, lethally poisoned (0 -> -5), heroism, protection aura
A: yellow scales 1, strong 1
a: Heroism, Renounce Religion, Evoke Berserk Rage


You were on level 8 of the Dungeon.
You worshipped Okawaru.
Okawaru was most pleased with you.
You were not hungry.

You visited 2 branches of the dungeon, and saw 9 of its levels.

You collected 369 gold pieces.

Inventory:

Hand Weapons
 G - the +9 glaive of the Lamprey (weapon) {protect, +Rage}
   (You found it on level 7 of the Dungeon)

   It protects the one who uses it against injury (+AC on strike).
   It lets you go berserk.
 H - a +1 war axe
Armour
 c - a +0 shield
 s - a +1 helmet (worn)
 v - a scarf of cloud immunity (worn)
 x - the +2 leather armour "Muimipso" (worn) {rC+ MP+9 Dex+3}
   (You found it on level 5 of the Dungeon)

   It affects your dexterity (+3).
   It protects you from cold.
   It affects your magic capacity (+9).
 B - a +0 pair of boots (worn)
Jewellery
 p - a +3 ring of dexterity (left hand)
Wands
 q - a wand of polymorph (16)
 t - a wand of disintegration (13)
 u - a wand of acid (7)
Scrolls
 b - 3 scrolls of random uselessness
 j - 3 scrolls of teleportation
 k - 11 scrolls of identify
 r - 3 scrolls of remove curse
 w - a scroll of fog
 F - a scroll of enchant armour
Potions
 e - a potion of brilliance {unknown}
 g - 2 potions of flight {unknown}
 h - a potion of degeneration {unknown}
 l - 3 potions of heal wounds {unknown}
 m - a potion of magic {unknown}
 n - a potion of mutation
 o - a potion of might
 D - a potion of curing
Books
 A - a book of Minor Magic

   Spells                             Type                      Level
   a - Magic Dart                     Conjuration                  1
   b - Blink                          Translocation                2
   c - Call Imp                       Summoning                    2
   d - Slow                           Hexes                        2
   e - Conjure Flame                  Conjuration/Fire             3
   f - Mephitic Cloud                 Conjuration/Poison/Air       3
 E - a book of Flames

   Spells                             Type                      Level
   a - Flame Tongue                   Conjuration/Fire             1
   b - Throw Flame                    Conjuration/Fire             2
   c - Conjure Flame                  Conjuration/Fire             3
   d - Inner Flame                    Hexes/Fire                   3
   e - Sticky Flame                   Conjuration/Fire             4
   f - Fireball                       Conjuration/Fire             5
Comestibles
 f - 20 rations


   Skills:
 + Level 6.9(11.9) Fighting
 + Level 11.0(16.0) Axes
 + Level 5.6(10.6) Armour
 * Level 5.0(10.0) Dodging
 + Level 6.6(11.6) Shields
 * Level 6.4 Invocations


You had 9 spell levels left.
You didn't know any spells.

Dungeon Overview and Level Annotations

Branches:
Dungeon (8/15)             Temple (1/1) D:4
   Lair: D:8-11

Altars:
Ashenzari
Cheibriados
Dithmenos
Fedhas
Gozag
Hepliaklqana
Kikubaaqudgha
Makhleb
Nemelex Xobeh
Okawaru
Qazlal
Ru
Sif Muna
Uskayaw
Vehumet
Xom
Yredelemnul
Zin
The Shining One

Shops:
D:7 *


Innate Abilities, Weirdness & Mutations

You are partially covered in yellow scales. (AC +2)
Your muscles are strong. (Str +2)


Message History

You feel sick. The worker ant completely misses you. The worker ant misses you.
You hit the worker ant.
The worker ant is lightly wounded.
* * * LOW HITPOINT WARNING * * *
You feel sick. The worker ant closely misses you. x2
The worker ant bites you but does no damage.
The worker ant closely misses you.
You feel very mighty all of a sudden.
* * * LOW HITPOINT WARNING * * *
You feel sick. The worker ant misses you. x2
You slash the worker ant!
The worker ant is severely wounded.
* * * LOW HITPOINT WARNING * * *
You feel sick.
The worker ant bites you but does no damage. x2
You slice the worker ant!!
You kill the worker ant!
Okawaru accepts your kill.
Your base Dodging skill increases to level 5!
You die...

#..## #...# #.#'##
#....# #....# #....#
######....#
######...@a....#
+).......†##.......#
#####.....##.......#
#.....##...a....
#..>..++....>...
####.....##........
#........##........
#........#######...
#.............#


You could see a worker ant.

Vanquished Creatures
  A two-headed ogre (D:8)
  Pikel (D:6)
  A spriggan (D:8)
  Sigmund (D:3)
  3 soldier ants (D:8)
  An orc warrior (D:7)
  A black bear (D:7)
  An ice beast (D:7)
  A phantom (D:7)
  A sky beast (D:5)
  An ogre (D:8)
  A centaur (D:6)
  Blork the orc (D:6)
  A bullfrog (D:7)
  3 scorpions
  2 howler monkeys
  An electric eel (D:6)
  A centaur zombie (D:6)
  4 crimson imps
  3 hounds
  2 orc priests
  A centaur skeleton (D:4)
  A jelly (D:5)
  7 orc wizards
  An iguana (D:7)
  4 worker ants
  Robin (D:4)
  4 gnolls (D:2)
  6 adders
  An ooze (D:5)
  An adder skeleton (D:4)
  3 worms
  A dart slug (D:3)
  2 leopard geckos
  28 orcs
  7 giant cockroaches
  16 goblins
  16 hobgoblins
  8 jackals
  2 kobolds
  3 quokkas
  2 ball pythons
  9 bats
  5 frilled lizards
  8 rats
169 creatures vanquished.

Vanquished Creatures (others)
  A hound (D:6)
1 creature vanquished.

Grand Total: 170 creatures vanquished

Notes
Turn   | Place    | Note
-------+----------+-------------------------------------------
     0 | D:1      | Mirai the Hill Orc Fighter began the quest for the Orb.
     0 | D:1      | Reached XP level 1. HP: 19/19 MP: 1/1
   157 | D:1      | Reached XP level 2. HP: 20/27 MP: 2/2
   211 | D:1      | Reached skill level 3 in Axes
   321 | D:1      | Reached XP level 3. HP: 31/33 MP: 3/3
  1088 | D:2      | Reached XP level 4. HP: 32/40 MP: 4/4
  1089 | D:2      | Reached skill level 4 in Axes
  1685 | D:3      | Noticed Sigmund
  1700 | D:3      | Killed Sigmund
  1700 | D:3      | Reached skill level 5 in Axes
  1700 | D:3      | Reached XP level 5. HP: 32/47 MP: 5/5
  1700 | D:3      | Reached XP level 6. HP: 36/53 MP: 6/6
  1731 | D:3      | Found a faded altar of an unknown god.
  1794 | D:3      | Reached skill level 6 in Axes
  2131 | D:4      | Found a sparkling altar of Nemelex Xobeh.
  2236 | D:4      | Noticed Robin
  2247 | D:4      | Reached XP level 7. HP: 25/60 MP: 7/7
  2260 | D:4      | Killed Robin
  2314 | D:4      | Reached skill level 5 in Fighting
  2518 | D:4      | Reached skill level 7 in Axes
  2518 | D:4      | Reached skill level 5 in Shields
  2532 | D:4      | Found a staircase to the Ecumenical Temple.
  2546 | Temple   | Entered the Ecumenical Temple
  2871 | Temple   | Became a worshipper of Warmaster Okawaru
  2995 | D:4      | Reached skill level 1 in Invocations
  3344 | D:5      | Entered Level 5 of the Dungeon
  3385 | D:5      | Found a burning altar of Makhleb.
  3411 | D:5      | Reached skill level 1 in Dodging
  3656 | D:5      | Got a heavily runed leather armour
  3667 | D:5      | Identified the +2 leather armour "Muimipso" {rC+ MP+9 Dex+3} (You found it on level 5 of the Dungeon)
  3723 | D:5      | Reached skill level 5 in Armour
  3723 | D:5      | Reached XP level 8. HP: 67/68 MP: 9/9
  3832 | D:5      | Reached skill level 8 in Axes
  3853 | D:5      | Reached * piety under Okawaru
  4594 | D:6      | Reached skill level 9 in Axes
  5561 | D:6      | Noticed Blork the orc
  5574 | D:6      | Killed Blork the orc
  5778 | D:6      | Noticed Pikel
  5795 | D:6      | Killed Pikel
  5795 | D:6      | Reached ** piety under Okawaru
  5795 | D:6      | Reached XP level 9. HP: 60/75 MP: 12/12
  5926 | D:6      | Found a stormy altar of Qazlal.
  5929 | D:6      | Found an ancient bone altar of Kikubaaqudgha.
  5932 | D:6      | Found a hazy altar of Hepliaklqana.
  6212 | D:7      | Got a warped glaive
  6216 | D:7      | Identified the +9 glaive of the Lamprey {protect, +Rage} (You found it on level 7 of the Dungeon)
  6311 | D:7      | Found a basalt altar of Yredelemnul.
  6326 | D:7      | Reached skill level 10 in Axes
  6339 | D:7      | Found Zin's Purification Station.
  6343 | D:7      | Found a glowing silver altar of Zin.
  6391 | D:7      | Reached skill level 5 in Invocations
  7104 | D:8      | Noticed a two-headed ogre
  7114 | D:8      | Killed a two-headed ogre
  7114 | D:8      | Reached *** piety under Okawaru
  7114 | D:8      | Reached XP level 10. HP: 56/84 MP: 14/14
  7123 | D:8      | Reached skill level 11 in Axes
  7129 | D:8      | Gained mutation: You are partially covered in yellow scales. (AC +2) [potion of mutation]
  7129 | D:8      | Gained mutation: Your muscles are strong. (Str +2) [potion of mutation]
  7130 | D:8      | HP: 4/84 [poisoned by a worker ant]
  7133 | D:8      | HP: 1/84 [poisoned by a worker ant]
  7134 | D:8      | Reached skill level 5 in Dodging
  7134 | D:8      | Succumbed to a worker ant's poison

Skill      XL: |  1  2  3  4  5  6  7  8  9 10 |
---------------+-------------------------------+-----
Axes           | 3 5 6 7 9 10 11 | 11.0
Fighting       | 4 5 6 |  6.9
Shields        | 4 5 6 |  6.6
Armour         | 4 5 |  5.6
Invocations    | 2 4 6 |  6.4
Dodging        | 1 2 4 5 |  5.0

Action                   |  1- 3 |  4- 6 |  7- 9 | 10-12 || total
-------------------------+-------+-------+-------+-------++-------
Melee: War axe           |   127 |   139 |   247 |       ||   513
       Glaive            |       |       |    47 |    17 ||    64
Invok: Heroism           |       |       |     1 |     1 ||     2
Evoke: Wand              |       |       |     1 |       ||     1
  Use: Potion            |       |     1 |       |     2 ||     3
       Scroll            |       |       |    10 |       ||    10
 Stab: Sleeping          |       |       |     1 |       ||     1
  Eat: Chunk             |     1 |     4 |    12 |       ||    17
       Ration            |       |       |     1 |       ||     1
Armor: Scale mail        |    74 |    84 |    18 |       ||   176
       Chain mail        |       |       |    32 |       ||    32
       Leather armour    |       |       |    49 |    11 ||    60
Dodge: Dodged            |    63 |    45 |   110 |    22 ||   240
Block: Shield            |    77 |    81 |   122 |       ||   280
